 Dungeon Crawl Stone Soup version 0.19-a0-1170-g18f0c96 (webtiles) character file.

25 jacquesderrida the Sneak (level 3, 0/30 HPs)
             Began as a Vine Stalker Wanderer on Aug 18, 2016.
             Slain by Grinder (3 damage)
             ... while paralysed by Grinder
             ... on level 3 of the Dungeon.
             The game lasted 00:01:16 (278 turns).

jacquesderrida the Sneak (Vine Stalker Wanderer)     Turns: 278, Time: 00:01:17

Health: 0/30       AC: 21    Str: 18    XL:     3   Next: 6%
Magic:  0/4        EV:  2    Int: 10    God:
Gold:   42         SH:  0    Dex: 12    Spells: 0 memorised, 2 levels left

rFire  . . .     SeeInvis .     a - +2 falchion
rCold  . . .     Gourm    .     (armour currently unavailable)
rNeg   + + +     Faith    .     (no shield)
rPois  +         Spirit   +     (helmet currently unavailable)
rElec  .         Dismiss  .     (cloak currently unavailable)
rCorr  .         Reflect  .     (gloves currently unavailable)
MR     .....     Harm     .     (boots currently unavailable)
Stlth  +++....... NoTele   +    (no amulet)
                                (no ring)
                                (no ring)

@: paralysed, tree-form
A: (fangs 0), regeneration 1, magic shield, (antimagic bite), no device heal 3,
rot immunity
a: no special abilities


You were on level 3 of the Dungeon.
You were not hungry.
You were a tree.
You visited 1 branch of the dungeon, and saw 3 of its levels.

You collected 42 gold pieces.

Inventory:

Hand Weapons
 a - a +2 falchion (weapon)
 e - a +0 dagger
Armour
 b - a +0 scale mail (melded)
 d - a +0 robe
 k - a +0 helmet (melded)
Scrolls
 g - 2 scrolls of remove curse {unknown}
 h - 2 scrolls of teleportation {unknown}
 i - a scroll of magic mapping {unknown}
 l - a scroll of enchant armour {unknown}
 m - a scroll of identify {unknown}
Comestibles
 f - a bread ration
 j - a beef jerky
 n - a fruit


   Skills:
 - Level 3.6 Fighting
 + Level 2.3(2.6) Short Blades
 - Level 1.7(2.3) Long Blades
   Level 1.0 Bows
 - Level 3.6 Stealth


You had 2 spell levels left.
You didn't know any spells.

Dungeon Overview and Level Annotations

Branches:
Dungeon (3/15)

Altars:

Annotations:
D:3 Grinder; jacquesderrida's ghost, weakling MiWr


Innate Abilities, Weirdness & Mutations

((You have extremely sharp teeth.))
Your natural rate of healing is unusually fast.
When hurt, damage is shared between your health and your magic reserves.
((Your bite disrupts and absorbs the magic of your enemies.))
Potions and wands cannot restore your health.
You are immune to rotting.


Message History

Jacquesderrida's ghost is moderately damaged.
Grinder hits you but does no damage. Jacquesderrida's ghost hits you.
* * * LOW HITPOINT WARNING * * *
You hit jacquesderrida's ghost.
Jacquesderrida's ghost is moderately damaged.
Grinder barely misses you.
You riposte.
You slash Grinder!
Grinder is lightly wounded.
Jacquesderrida's ghost hits you.
* * * LOW HITPOINT WARNING * * *
You hit jacquesderrida's ghost.
Jacquesderrida's ghost is heavily damaged.
Grinder gestures at you.
You suddenly lose the ability to move!
Jacquesderrida's ghost hits you but does no damage.
Grinder hits you but does no damage.
Jacquesderrida's ghost hits you but does no damage.
Grinder hits you but does no damage.
Jacquesderrida's ghost hits you but does no damage.
Grinder hits you.
You die...

.## ..... ..#.# ######
#.#.. #..W.######+#.#.#
#.W...#♣5........#.#
#.....#..........#.# .
.....§.#............##...
.......#.........#.......
.......#.........#.####..
..###'##.######+##..###..
5. #. #.# #.......... #.#
#####.###.# #.# #.# #.#


You could see Grinder and jacquesderrida's ghost.

Vanquished Creatures
  An adder (D:3)
  A giant gecko (D:1)
  An orc (D:3)
  A giant cockroach (D:2)
  2 hobgoblins
  2 jackals (D:3)
  4 bats (D:1)
  A goblin (D:3)
13 creatures vanquished.

Notes
Turn   | Place    | Note
-------+----------+-------------------------------------------
     0 | D:1      | jacquesderrida the Vine Stalker Wanderer began the quest for the Orb.
     0 | D:1      | jacquesderrida set off with: a +2 falchion, a +0 spear, a potion of lignification, a +0 robe, a +0 dagger, a bread ration
     0 | D:1      | Reached XP level 1. HP: 12/12 MP: 2/2
    37 | D:1      | Reached skill level 1 in Short Blades
    55 | D:1      | Reached XP level 2. HP: 12/16 MP: 3/3
   228 | D:3      | Reached XP level 3. HP: 17/20 MP: 2/4
   257 | D:3      | Noticed Grinder
   257 | D:3      | Noticed jacquesderrida's ghost (weakling MiWr)
   276 | D:3      | Paralysed by Grinder for 5 turns
   278 | D:3      | Slain by Grinder

Vault maps used:
D:1:      matt_arrival_diagonals, minivault_23, serial_bayou_lagoon_a,
          hex_intersection, minivault_14
D:2:      lemuel_upstairs_altar, cheibriados_altar_1, okawaru_ov_weapons_minmay,
          first_bread
D:3:      yredelemnul_altar_generic, uniq_grinder

Skill      XL: |  1  2 |
---------------+-------+-----
Short Blades   | 1 2 |  2.3
Fighting       | |  3.6
Long Blades    | |  1.7
Bows           | |  1.0
Stealth        | |  3.6

Action                   || total
-------------------------++-------
Melee: Falchion          ||    47
       Bite              ||     5
  Use: Potion            ||     1
 Stab: Sleeping          ||     1
Armor: Robe              ||     2
       Scale mail        ||     6
       Skin              ||    15
Dodge: Dodged            ||    22
